 Dungeon Crawl Stone Soup version 0.24.1-14-gf8d2b509d9 (webtiles) character file.

Game seed: 16658775523843655920, levelgen mode: deterministic

31276 KlarStein the Grappler (level 13, -7/106 HPs)
             Began as a Demonspawn Berserker on Dec 9, 2020.
             Was a High Priest of Trog.
             Killed from afar by an ogre mage (30 damage)
             ... with a crystal spear
             ... on level 2 of the Orcish Mines.
             The game lasted 00:54:40 (9606 turns).

KlarStein the Grappler (Demonspawn Berserker)       Turns: 9606, Time: 00:54:40

Health: -7/106     AC: 12    Str: 19    XL:     13   Next: 25%
Magic:  13/13      EV: 16    Int:  8    God:    Trog [*****.]
Gold:   1417       SH:  0    Dex: 17    Spells: 12/12 levels left

rFire    + + .     SeeInvis .     - Unarmed
rCold    . . .     Gourm    .   (no shield)
rNeg     . . .     Faith    .   q - +2 scale mail {rF+}
rPois    .         Spirit   .   h - +2 hat {MR+}
rElec    .         Reflect  .   (no cloak)
rCorr    .         Harm     .   (gloves unavailable)
MR       ++...                  (no boots)
Stlth    ..........             n - amulet of regeneration
HPRegen  0.67/turn              p - +3 ring of slaying
MPRegen  0.13/turn              y - ring of protection from magic

@: lethally poisoned (-7 -> -7), berserk cooldown, very slightly contaminated,
slowed, very slow
A: claws 3, hooves 2, horns 1, fire resistance 1, spiny 1
a: Berserk, Trog's Hand, Brothers in Arms, Renounce Religion


You were on level 2 of the Orcish Mines.
You worshipped Trog.
Trog was extremely pleased with you.
You were hungry.

You visited 3 branches of the dungeon, and saw 14 of its levels.

You collected 1417 gold pieces.

Inventory:

Hand Weapons
 K - a +3 dagger of chaos
 N - a +1 antimagic great sword
Armour
 f - a +0 ring mail
 h - a +2 hat of magic resistance (worn)
 q - a +2 scale mail of fire resistance (worn)
 u - a +0 buckler
 D - a +0 shield
 H - a +0 troll leather armour
Magical Staves
 P - an uncursed staff of air {unknown}
Jewellery
 m - an uncursed amulet of the acrobat
 n - an amulet of regeneration (around neck)
 p - a +3 ring of slaying (left claw)
 y - a ring of protection from magic (right claw)
 z - an uncursed ring of see invisible
 F - an uncursed ring of ice
 L - an uncursed ring of poison resistance {unknown}
 M - an uncursed amulet of guardian spirit
Wands
 w - a wand of random effects (26)
 I - a wand of digging (5)
 J - a wand of paralysis (10)
Scrolls
 b - 4 scrolls of remove curse
 e - 9 scrolls of teleportation
 i - 5 scrolls of amnesia
 j - a scroll of identify
 B - a scroll of fog
Potions
 d - a potion of mutation
 g - 3 potions of invisibility
 k - 4 potions of curing
 l - a potion of agility {unknown}
 o - a potion of degeneration {unknown}
 r - 3 potions of lignification
 t - a potion of cancellation
 v - 2 potions of ambrosia
 x - a potion of magic
 A - 2 potions of might {unknown}
 E - 2 potions of flight {unknown}
 G - 3 potions of berserk rage
Comestibles
 c - 17 rations
 C - 7 chunks of flesh


   Skills:
 + Level 11.1 Fighting
 - Level 3.2 Long Blades
 + Level 10.0 Armour
 + Level 10.0 Dodging
 * Level 12.1 Unarmed Combat


You had 12 spell levels left.
You didn't know any spells.
Your spell library was empty.

Dungeon Overview and Level Annotations

Branches:
Dungeon (11/15)            Temple (1/1) D:6            Lair (0/6) D:11
    Orc (2/2) D:11
    Elf: Orc:2

Altars:
Ashenzari
Cheibriados
Dithmenos
Elyvilon
Fedhas
Gozag
Kikubaaqudgha
Makhleb
Nemelex Xobeh
Okawaru
Qazlal
Ru
Sif Muna
Trog
Uskayaw
Vehumet
Wu Jian
Xom
Yredelemnul
Zin
The Shining One
Beogh

Shops:
D:5 =   D:8 !   Orc:2 %:%(}}?


Innate Abilities, Weirdness & Mutations

You have claws for hands.
You have hoof-like feet.
You have a pair of small horns on your head.
Your flesh is heat resistant. (rF+)
You are partially covered in sharp spines.


Message History

Blink to where?
Press: ? - help, Dir - move target cursor
As you read the scroll of blinking, it crumbles to dust.
An ogre comes into view. It is wielding a +0 giant spiked club.
The ogre shouts!
The ogre mage is struck by your spines.
The ogre mage hits you but does no damage.
You are poisoned.
Found Sevil's Antique Weapon Shoppe.
You scratch the ogre mage. Your kick misses the ogre mage.
The ogre mage is lightly wounded.
You feel sick.
The ogre mage points at you and mumbles some strange words.
The bolt of fire misses you.
You hear a shout!
You claw the ogre mage! Your kick misses the ogre mage.
The ogre mage is moderately wounded.
The ogre mage gestures at you while chanting.
The crystal spear hits you!!
You die...

...###..........))....#....).)#..
...###...#.))....)..........OT#..
....##....#...............E.E.#..
.........................RE☼.#...
.....#.#....#....§.......)°...#.#
...(#####................○.....##
..#)## #................##....#
....(# ⌠.⌠............. #.#..#
....## .∩.....@.∩...... ..∩...#
..### ⌠.⌠....O.......# #....##
### ................ #.### #
#............... #
##.........O... # .....#.∩.......
# ...............
.................... ○°°....


You could see an ogre mage and an ogre.

Vanquished Creatures
  Jorgrun (Orc:2)
  Gastronok (D:11)
  Josephine (D:10)
  An ogre mage (Orc:2)
  6 two-headed ogres (Orc:2)
  Sonja (Orc:2)
  An unseen horror (D:11)
  2 deep trolls
  2 orc knights (Orc:1)
  3 cyclopes
  Joseph (D:9)
  A gargoyle (D:11)
  Psyche (D:10)
  A queen bee (D:9)
  11 trolls
  2 hippogriffs (D:11)
  Prince Ribbit (D:8)
  5 wraiths (D:10)
  3 wyverns
  2 fire elementals
  7 yaks
  A hungry ghost (D:7)
  A steam dragon (D:9)
  Edmund (D:6)
  2 wargs (D:11)
  Duvessa (D:7)
  A water moccasin (D:6)
  3 hell hounds
  5 sky beasts
  A black bear (D:11)
  2 phantoms
  7 ice beasts
  17 orc warriors
  21 ogres
  6 centaurs
  5 bullfrogs
  A big kobold (D:10)
  Dowan (D:7)
  2 scorpions
  5 wights (D:9)
  27 killer bees
  4 centaur zombies
  3 crimson imps
  A quasit (D:9)
  A bullfrog zombie (D:8)
  14 orc priests
  5 hounds
  A jelly (D:10)
  3 bullfrog skeletons
  Ijyb (D:3)
  5 iguanas
  18 orc wizards
  4 worker ants
  A hound skeleton (D:4)
  3 gnolls (D:7)
  12 adders
  3 shadow imps
  An adder zombie (D:7)
  2 adder skeletons
  2 worms (D:2)
  A dart slug (D:1)
  5 leopard geckos
  74 orcs
  7 bats
  4 giant cockroaches
  5 goblins
  5 hobgoblins
  12 jackals
  9 quokkas
  9 frilled lizards
  7 kobolds
  A quokka skeleton (D:8)
  4 rats (D:2)
  A plant (D:4)
392 creatures vanquished.

Vanquished Creatures (collateral kills)
  Azrael (Orc:2)
  A two-headed ogre (Orc:2)
  3 fire elementals (Orc:2)
  A warg (Orc:1)
  An orc warrior (Orc:1)
  3 ogres (Orc:2)
  An orc priest (Orc:1)
  An orc wizard (Orc:1)
  2 orcs (Orc:1)
14 creatures vanquished.

Grand Total: 406 creatures vanquished

Notes
Turn   | Place    | Note
-------+----------+-------------------------------------------
     0 | D:1      | KlarStein the Demonspawn Berserker began the quest for the
                  | Orb.
     0 | D:1      | Reached XP level 1. HP: 18/18 MP: 1/1
   335 | D:1      | Gained mutation: You have large cloven feet. [demonic
                  | ancestry]
   335 | D:1      | Reached XP level 2. HP: 24/24 MP: 2/2
   506 | D:2      | You fall into a shaft and drop 1 floor!
   639 | D:3      | Gained mutation: You have sharp fingernails. [demonic
                  | ancestry]
   639 | D:3      | Reached XP level 3. HP: 20/29 MP: 3/3
  1629 | D:2      | Reached ** piety under Trog
  1629 | D:2      | Gained mutation: You have a pair of small horns on your
                  | head. [demonic ancestry]
  1629 | D:2      | Reached XP level 4. HP: 35/35 MP: 4/4
  1922 | D:3      | Noticed Ijyb
  1943 | D:3      | Killed Ijyb
  1943 | D:3      | Reached skill level 1 in Unarmed Combat
  2015 | D:3      | Gained mutation: You have very sharp fingernails. [demonic
                  | ancestry]
  2015 | D:3      | Reached XP level 5. HP: 34/42 MP: 5/5
  2210 | D:4      | Found an opulent altar of Gozag.
  2358 | D:4      | Reached skill level 2 in Unarmed Combat
  2383 | D:4      | Reached XP level 6. HP: 48/48 MP: 6/6
  2700 | D:5      | Entered Level 5 of the Dungeon
  2700 | D:5      | Noticed an ice beast
  2709 | D:5      | Killed an ice beast
  2918 | D:5      | Reached *** piety under Trog
  3038 | D:5      | Found Moxzucocw's Jewellery Boutique.
  3093 | D:5      | Found a stormy altar of Qazlal.
  3103 | D:5      | Found a glowing golden altar of the Shining One.
  3470 | D:5      | Gained mutation: You are partially covered in sharp spines.
                  | [demonic ancestry]
  3470 | D:5      | Reached XP level 7. HP: 26/55 MP: 7/7
  3578 | D:6      | Found a staircase to the Ecumenical Temple.
  3595 | Temple   | Entered the Ecumenical Temple
  3748 | D:6      | Noticed Edmund
  3754 | D:6      | Killed Edmund
  3754 | D:6      | Reached skill level 5 in Fighting
  3754 | D:6      | Reached skill level 3 in Unarmed Combat
  3945 | D:6      | Gained mutation: You have claws for hands. [demonic
                  | ancestry]
  3945 | D:6      | Reached XP level 8. HP: 57/63 MP: 8/8
  4143 | D:6      | Found a basalt altar of Yredelemnul.
  4360 | D:7      | Reached skill level 4 in Unarmed Combat
  4382 | D:7      | Reached skill level 5 in Armour
  4382 | D:7      | Reached skill level 5 in Dodging
  4711 | D:7      | Reached **** piety under Trog
  4757 | D:7      | Gained mutation: You have hoof-like feet. [demonic
                  | ancestry]
  4757 | D:7      | Reached XP level 9. HP: 71/71 MP: 9/9
  4835 | D:7      | Reached skill level 5 in Unarmed Combat
  4839 | D:7      | Noticed Duvessa
  4846 | D:7      | Noticed Dowan
  4850 | D:7      | Killed Duvessa
  4856 | D:7      | Killed Dowan
  5457 | D:8      | Found a snail-covered altar of Cheibriados.
  5474 | D:8      | Reached skill level 6 in Unarmed Combat
  5541 | D:8      | Noticed Prince Ribbit
  5546 | D:8      | Killed Prince Ribbit
  5593 | D:8      | Found Boejy's Distillery.
  5754 | D:9      | Found an ornate altar of the Wu Jian Council.
  5812 | D:9      | Gained mutation: Your flesh is heat resistant. (rF+)
                  | [demonic ancestry]
  5812 | D:9      | Reached XP level 10. HP: 77/80 MP: 10/10
  5854 | D:9      | Noticed Joseph
  5869 | D:9      | Reached ***** piety under Trog
  5876 | D:9      | Killed Joseph
  6022 | D:9      | Reached skill level 7 in Unarmed Combat
  6634 | D:10     | Entered Level 10 of the Dungeon
  6644 | D:10     | Reached skill level 8 in Unarmed Combat
  6728 | D:10     | Noticed Psyche
  6733 | D:10     | Killed Psyche
  7161 | D:10     | Reached XP level 11. HP: 87/87 MP: 11/11
  7173 | D:10     | Noticed Josephine
  7183 | D:10     | Killed Josephine
  7183 | D:10     | Received a gift from Trog
  7310 | D:11     | Reached skill level 9 in Unarmed Combat
  7344 | D:11     | Killed an unseen horror
  7365 | D:11     | Found a staircase to the Orcish Mines.
  7489 | D:11     | Noticed Gastronok
  7502 | D:11     | Killed Gastronok
  7688 | D:11     | Reached skill level 10 in Unarmed Combat
  8039 | D:11     | Found a staircase to the Lair.
  8270 | Orc:1    | Entered Level 1 of the Orcish Mines
  8381 | Orc:1    | Noticed an orc knight
  8414 | Orc:2    | Entered Level 2 of the Orcish Mines
  8522 | Orc:2    | Noticed a two-headed ogre
  8525 | Orc:2    | Noticed a two-headed ogre
  8527 | Orc:2    | Noticed an ogre mage
  8528 | Orc:2    | Reached XP level 12. HP: 97/97 MP: 12/12
  8530 | Orc:2    | Killed a two-headed ogre
  8531 | Orc:2    | Noticed a two-headed ogre
  8534 | Orc:2    | Killed a two-headed ogre
  8534 | Orc:2    | Reached skill level 10 in Fighting
  8535 | Orc:2    | Found Jiediwk's Gadget Shop.
  8539 | Orc:2    | Noticed a two-headed ogre
  8540 | Orc:2    | Killed a two-headed ogre
  8541 | Orc:2    | Noticed a two-headed ogre
  8542 | Orc:2    | Noticed a two-headed ogre
  8543 | Orc:2    | Noticed an ogre mage
  8547 | Orc:2    | Noticed a two-headed ogre
  8683 | Orc:1    | Found a roughly hewn altar of Beogh.
  9099 | Orc:1    | Reached skill level 11 in Unarmed Combat
  9138 | Orc:2    | Found Dothrotta's Magic Scroll Shop.
  9153 | Orc:2    | Noticed Azrael
  9210 | Orc:2    | Noticed Sonja
  9219 | Orc:2    | Killed Sonja
  9234 | Orc:2    | Found Huawn's Book Boutique.
  9235 | Orc:2    | Found Muuguo's Food Emporium.
  9355 | Orc:2    | Killed Azrael
  9376 | Orc:2    | Found Unylopt's Food Boutique.
  9380 | Orc:2    | Noticed Jorgrun
  9384 | Orc:2    | Killed a two-headed ogre
  9402 | Orc:2    | Killed Jorgrun
  9402 | Orc:2    | Reached XP level 13. HP: 20/105 MP: 13/13
  9581 | Orc:2    | Reached skill level 10 in Armour
  9581 | Orc:2    | Reached skill level 10 in Dodging
  9581 | Orc:2    | Reached skill level 12 in Unarmed Combat
  9592 | Orc:2    | Received a gift from Trog
  9600 | Orc:2    | Found Jeesaca's Gadget Boutique.
  9604 | Orc:2    | Found Sevil's Antique Weapon Shoppe.
  9606 | Orc:2    | Killed from afar by an ogre mage

Levels and vault maps discovered:
D:1:      minmay_arrival_radiant_lines, layout_rooms
D:2:      layout_rooms, minmay_misc_feat_tower, minmay_hedge_maze
D:3:      layout_basic, uniq_ijyb
D:4:      layout_basic, old_standard_altar, nicolae_overflow_hidden_temple,
          first_ration, serial_forest, infiniplex_forest_end_1,
          infiniplex_forest_clump_C, infiniplex_forest_clump_C,
          infiniplex_forest_clump_diagonal, infiniplex_forest_straight_3,
          infiniplex_forest_zigzag_2
D:5:      layout_basic, chequers_temple_overflow_statue_of_worship,
          serial_shops, shop, grunt_ministairs_11,
          chequers_serial_rivers_micro_c
D:6:      layout_gridville, yredelemnul_altar_generic,
          minmay_temple_entry_large_hall, uniq_edmund
D:7:      layout_loops_ring, enter_bailey_3, uniq_duvessa
D:8:      layout_rooms, cheibriados_altar_1, serial_shops, shop,
          uniq_prince_ribbit1
D:9:      layout_roguey, basic_altar, david_nohive_1, kennysheep_pointless_box,
          uniq_joseph
D:10:     layout_long_grid, uniq_psyche, uniq_josephine
D:11:     layout_basic, lair_entry_dummy, erik_orc_4, uniq_gastronok
Temple:   nicolae_temple_elliptical
Orc:1:    layout_caves, lemuel_statue_altar
Orc:2:    st_orc_open, layout_caves, serial_shops, shop, nicolae_shop_crystal,
          shop_fountains, shop, shop, bloody_trog, uniq_azrael, uniq_sonja,
          uniq_jorgrun

Skill      XL: |  1  2  3  4  5  6  7  8  9 10 11 12 13 |
---------------+----------------------------------------+-----
Long Blades    | 3 |  3.2
Armour         | 2 3 4 5 6 7 8 9 10 | 10.0
Dodging        | 2 3 4 5 6 7 8 9 10 | 10.0
Unarmed Combat | 1 2 3 4 6 8 10 11 12 | 12.1
Fighting       | 4 5 6 7 8 9 10 11 | 11.1

Action                   |  1- 3 |  4- 6 |  7- 9 | 10-12 | 13-15 || total
-------------------------+-------+-------+-------+-------+-------++-------
Melee: Falchion          |    48 |       |       |       |       ||    48
       Kick              |    23 |    45 |    61 |   137 |    15 ||   281
       Unarmed           |    52 |   144 |   192 |   423 |    33 ||   844
       Headbutt          |       |    29 |    34 |    80 |     6 ||   149
       Punch             |       |     3 |     2 |    12 |     4 ||    21
Invok: Berserk           |       |     4 |     3 |     8 |     2 ||    17
       Trog's Hand       |       |       |     2 |    11 |       ||    13
       Brothers in Arms  |       |       |       |     2 |       ||     2
  Use: Scroll            |     7 |     5 |     7 |     8 |     3 ||    30
       Potion            |       |       |       |     7 |     1 ||     8
 Stab: Fleeing           |       |       |       |     1 |       ||     1
  Eat: Chunk             |     2 |     6 |    12 |    24 |     2 ||    46
       Ration            |       |     1 |       |       |       ||     1
Armor: Ring mail         |    46 |    25 |    15 |       |       ||    86
       Scale mail        |       |       |    32 |   124 |     3 ||   159
Dodge: Dodged            |    65 |    75 |   107 |   332 |    28 ||   607
       Rpst.: Falchion   |    13 |       |       |       |       ||    13
